 Dungeon Crawl Stone Soup version 0.22-a0-76-gd698a02 (webtiles) character file.

39 KristoblXynda the Chopper (level 3, 0/29 HPs)
             Began as a Draconian Gladiator on Jan 13, 2018.
             Succumbed to an adder's poison
             ... on level 2 of the Dungeon.
             The game lasted 00:02:21 (788 turns).

KristoblXynda the Chopper (Draconian Gladiator)      Turns: 788, Time: 00:02:22

Health: 0/29       AC:  5    Str: 21    XL:     3   Next: 26%
Magic:  3/3        EV: 13    Int:  9    God:
Gold:   55         SH:  0    Dex: 12    Spells: 2/2 levels left

rFire    . . .     SeeInvis .   a - +0 war axe
rCold    . . .     Gourm    .   (no shield)
rNeg     . . .     Faith    .   (armour unavailable)
rPois    .         Spirit   .   b - +0 hat
rElec    .         Reflect  .   (no cloak)
rCorr    .         Harm     .   (no gloves)
MR       .....                  (no boots)
Stlth    +.........             (no amulet)
HPRegen  0.09/turn              (no ring)
MPRegen  0.08/turn              (no ring)

@: mighty, lethally poisoned (0 -> -13), flying, very slightly contaminated,
invisible
A: unfitting armour, cold-blooded, AC +5
a: no special abilities


You were on level 2 of the Dungeon.
You were not hungry.

You visited 1 branch of the dungeon, and saw 2 of its levels.

You collected 55 gold pieces.

Inventory:

Hand Weapons
 a - a +0 war axe (weapon)
Missiles
 c - 3 throwing nets (quivered)
Armour
 b - a +0 hat (worn)
Jewellery
 g - an uncursed ring of fire {unknown}
Scrolls
 e - 2 scrolls of identify {unknown}
 f - 2 scrolls of remove curse {unknown}
 i - 2 scrolls of random uselessness {unknown}
 k - a scroll of fog {unknown}
Potions
 h - a potion of invisibility
 j - a potion of degeneration {unknown}
Comestibles
 d - 2 rations


   Skills:
 - Level 2.1 Fighting
 + Level 3.5 Axes
 + Level 2.4 Throwing
 + Level 3.2 Dodging


You had 2 spell levels left.
You didn't know any spells.

Dungeon Overview and Level Annotations

Branches:
Dungeon (2/15)

Altars:
Nemelex Xobeh
Ru


Innate Abilities, Weirdness & Mutations

Your plain brown scales are hard. (AC +5)
You cannot fit into any form of body armour.
You are cold-blooded and may be slowed by cold attacks.


Message History

The bat barely misses you. The adder bites you.
* * * LOW HITPOINT WARNING * * *
You are more poisoned.
The adder poisons you! The bat hits you but does no damage.
It was a potion of invisibility.
You fade into invisibility!
* * * LOW HITPOINT WARNING * * *
You feel sick. The bat hits you.
* * * LOW HITPOINT WARNING * * *
The adder barely misses you. The adder misses you.
You are very lightly contaminated with residual magic.
It was a potion of might.
You feel very mighty all of a sudden.
* * * LOW HITPOINT WARNING * * *
You feel sick. The bat hits you but does no damage.
The adder closely misses you.
It was a potion of flight.
You feel very buoyant.
You fly up into the air.
You die...

.....### ...# .....#
###.. .....######.....###
...................
....######........#
....#######....##.#
...†....#.......#[####.##
................#S......#
........>.......@........
##............b###......#
...............##........
...................r.....
.........................
#######...?...#.###......
#.......##.#.##.# ......
..#.#####..#..... .#####
..#######(


You could see an adder and a bat.

Vanquished Creatures
  An ooze (D:2)
  A worm (D:2)
  A dart slug (D:1)
  5 bats
  2 giant cockroaches (D:1)
  4 goblins (D:1)
  2 hobgoblins
  5 jackals
  A ball python (D:1)
  2 frilled lizards (D:1)
  A kobold (D:1)
  5 rats
30 creatures vanquished.

Notes
Turn   | Place    | Note
-------+----------+-------------------------------------------
     0 | D:1      | KristoblXynda the Draconian Gladiator began the quest for the Orb.
     0 | D:1      | Reached XP level 1. HP: 17/17 MP: 1/1
    47 | D:1      | Found a sparkling altar of Nemelex Xobeh.
    94 | D:1      | Reached XP level 2. HP: 15/24 MP: 2/2
   688 | D:2      | Reached XP level 3. HP: 25/29 MP: 3/3
   693 | D:2      | Found a sacrificial altar of Ru.
   787 | D:2      | HP: 1/29 [poisoned by an adder]
   788 | D:2      | Succumbed to an adder's poison

Vault maps used:
D:1:      lemuel_arrival_hallway, nemelex_diamond_rough_becter
D:2:      nicolae_overflow_crystal_walls, kiku_gazebo_garden_becter, st_stairs_8

Skill      XL: |  1  2 |
---------------+-------+-----
Throwing       | 2 |  2.4
Dodging        | 3 |  3.2
Fighting       | |  2.1
Axes           | |  3.5

Action                   || total
-------------------------++-------
Melee: War axe           ||    80
       Tailslap          ||     4
  Use: Potion            ||     3
 Stab: Sleeping          ||     1
Armor: Skin              ||    39
Dodge: Dodged            ||   105

Table legend:
 A = Spawn XP
 B = Non-spawn XP
 C = Spawn XP percentage of total XP
 D = Spawn monster count
 E = Non-spawn monster count
 F = Spawn count percentage of total count
 G = Total turns spent on level
                    A         B        C        D         E        F      G
               +---------+---------+-------+---------+---------+-------+---------
         Total |       0 |      56 |   0.0 |       0 |      30 |   0.0 |   788
               +---------+---------+-------+---------+---------+-------+---------
           D:1 |       0 |      30 |   0.0 |       0 |      18 |   0.0 |   641
           D:2 |       0 |      26 |   0.0 |       0 |      12 |   0.0 |   147
               +---------+---------+-------+---------+---------+-------+---------
